[ AOE2 MATCH · #513737049 ]
UnrankedIncas vs Civ #60
Player's team · LOSS
Rival team · WIN
[ REPLAY ANALYSIS · EXTRACTED FROM THE RECORDED GAME ]
Feudal
9:15
Castle
22:40
Imperial
36:01
| APM avg | 63.4 |
| APM peak | 95 |
| eAPM avg | 29.1 |
| Villagers / military | 187 / 135 |
Focus
⚔️ 45.0% · 🌾 55.0%
Archer ×92 · Skirmisher ×17 · Mangonel ×9 · Kamayuk ×7 · Unknown (2550) ×5 · Trebuchet (Packed) ×5
Feudal
8:51
Castle
23:23
Imperial
40:35
| APM avg | 63.7 |
| APM peak | 82 |
| eAPM avg | 28.0 |
| Villagers / military | 216 / 113 |
Focus
⚔️ 33.5% · 🌾 66.5%
Skirmisher ×77 · Unknown (2703) ×27 · Unknown (2705) ×16 · Archer ×10 · Trebuchet (Packed) ×10 · Militia ×5
Match map
Initial resources + every placement click. Lines = walls · curves = elevation contours. ◆ gold · ⬟ stone · ● berries · ✦ relic · ◌ wall gap
Your base· Open — unwalled flank
Gabi's base· Open — unwalled flank
Smoothed initial terrain · ◌ = detected wall gap · hover for details
Inputs per minute
— mentalist_ - - Gabi
Build order — mentalist_
First 150 of 481 actions detected
| 0:00 | Queue | Villager (Male) |
| 0:03 | Build | House |
| 0:07 | Build | House |
| 0:07 | Queue | Villager (Male) |
| 0:20 | Queue | Villager (Male) |
| 0:21 | Queue | Villager (Male) |
| 0:21 | Queue | Villager (Male) |
| 1:24 | Queue | Villager (Male) |
| 1:56 | Build | Settlement |
| 2:03 | Queue | Villager (Male) |
| 2:17 | Queue | Villager (Male) |
| 2:53 | Queue | Villager (Male) |
| 2:53 | Queue | Villager (Male) |
| 3:13 | Queue | Villager (Male) |
| 3:40 | Queue | Villager (Male) |
| 4:07 | Queue | Villager (Male) |
| 4:30 | Queue | Villager (Male) |
| 4:30 | Queue | Villager (Male) |
| 4:37 | Queue | Villager (Male) |
| 5:03 | Queue | Villager (Male) |
| 5:39 | Queue | Villager (Male) |
| 5:49 | Build | Settlement |
| 6:12 | Build | Palisade Wall |
| 6:17 | Queue | Villager (Male) |
| 6:29 | Research | Loom |
| 6:31 | Queue | Villager (Male) |
| 7:05 | Research | Feudal Age |
| 7:37 | Build | Barracks |
| 8:47 | Queue | Unit 2550 |
| 9:02 | Build | Palisade Wall |
| 9:05 | Build | Palisade Wall |
| 9:07 | Build | Palisade Wall |
| 9:08 | Build | Palisade Wall |
| 9:10 | Build | Palisade Wall |
| 9:11 | Build | Palisade Wall |
| 9:15 | Age | Feudal Age |
| 9:26 | Build | Watch Tower |
| 9:31 | Queue | Unit 2550 |
| 9:48 | Queue | Villager (Male) |
| 9:53 | Build | Archery Range |
| 10:06 | Queue | Villager (Male) |
| 10:23 | Queue | Unit 2550 |
| 10:27 | Queue | Skirmisher |
| 10:32 | Queue | Archer |
| 10:35 | Queue | Villager (Male) |
| 11:05 | Build | Palisade Wall |
| 11:06 | Queue | Villager (Male) |
| 11:08 | Queue | Skirmisher |
| 11:37 | Build | Watch Tower |
| 11:41 | Build | Farm |
| 11:43 | Queue | Villager (Male) |
| 11:43 | Queue | Villager (Male) |
| 11:48 | Queue | Archer |
| 11:58 | Build | House |
| 11:59 | Build | Palisade Wall |
| 12:03 | Build | Palisade Wall |
| 12:05 | Queue | Villager (Male) |
| 12:08 | Build | Palisade Wall |
| 12:09 | Build | Palisade Wall |
| 12:16 | Queue | Archer |
| 12:23 | Build | Blacksmith |
| 12:27 | Queue | Villager (Male) |
| 12:32 | Build | Palisade Wall |
| 12:47 | Queue | Villager (Male) |
| 12:57 | Build | Farm |
| 13:06 | Build | Farm |
| 13:16 | Queue | Villager (Male) |
| 13:21 | Queue | Skirmisher |
| 13:38 | Queue | Villager (Male) |
| 13:39 | Build | Farm |
| 13:39 | Queue | Skirmisher |
| 13:41 | Build | House |
| 14:06 | Queue | Villager (Male) |
| 14:12 | Build | Farm |
| 14:14 | Research | Fletching |
| 14:14 | Research | Fletching |
| 14:14 | Queue | Villager (Male) |
| 14:15 | Queue | Skirmisher |
| 14:21 | Build | Farm |
| 14:23 | Queue | Spearman |
| 14:33 | Build | Farm |
| 14:40 | Queue | Skirmisher |
| 14:45 | Queue | Villager (Male) |
| 14:52 | Build | Palisade Wall |
| 14:53 | Build | Palisade Wall |
| 14:55 | Build | Palisade Wall |
| 15:06 | Queue | Skirmisher |
| 15:08 | Build | Farm |
| 15:14 | Queue | Skirmisher |
| 15:29 | Queue | Villager (Male) |
| 15:32 | Build | Settlement |
| 15:32 | Queue | Skirmisher |
| 15:47 | Build | Farm |
| 15:49 | Queue | Villager (Male) |
| 16:07 | Queue | Archer |
| 16:21 | Queue | Skirmisher |
| 16:22 | Queue | Villager (Male) |
| 16:27 | Research | Padded Archer Armor |
| 16:56 | Queue | Skirmisher |
| 17:07 | Queue | Skirmisher |
| 17:11 | Build | Farm |
| 17:12 | Queue | Villager (Male) |
| 17:17 | Build | Farm |
| 17:17 | Queue | Villager (Male) |
| 17:34 | Queue | Skirmisher |
| 17:35 | Queue | Villager (Male) |
| 17:58 | Queue | Villager (Male) |
| 18:00 | Build | Farm |
| 18:21 | Queue | Villager (Male) |
| 18:25 | Build | Market |
| 18:38 | Build | Outpost |
| 18:50 | Queue | Archer |
| 19:08 | Queue | Villager (Male) |
| 19:25 | Queue | Skirmisher |
| 19:53 | Queue | Skirmisher |
| 20:00 | Research | Castle Age |
| 20:09 | Queue | Skirmisher |
| 20:23 | Build | Archery Range |
| 20:25 | Queue | Archer |
| 20:28 | Research | Gold Mining |
| 20:56 | Research | Double-Bit Axe |
| 21:04 | Queue | Archer |
| 21:04 | Queue | Archer |
| 21:18 | Research | Horse Collar |
| 21:18 | Research | Horse Collar |
| 21:44 | Queue | Archer |
| 21:45 | Queue | Archer |
| 21:51 | Build | House |
| 21:56 | Queue | Archer |
| 22:15 | Queue | Archer |
| 22:27 | Queue | Archer |
| 22:29 | Research | Town Watch |
| 22:40 | Age | Castle Age |
| 22:41 | Research | Crossbowman (upgrade) |
| 22:42 | Queue | Villager (Male) |
| 22:46 | Build | Farm |
| 22:50 | Research | Elite Skirmisher (upgrade) |
| 22:56 | Build | University |
| 22:59 | Queue | Villager (Male) |
| 23:01 | Queue | Archer |
| 23:12 | Build | Farm |
| 23:13 | Queue | Villager (Male) |
| 23:25 | Queue | Villager (Male) |
| 23:47 | Research | Bodkin Arrow |
| 23:48 | Research | Bodkin Arrow |
| 23:57 | Build | Palisade Wall |
| 24:07 | Queue | Archer |
| 24:13 | Build | Siege Workshop |
| 24:16 | Build | Palisade Wall |
| 24:17 | Build | Palisade Wall |
Build order — Gabi
First 150 of 616 actions detected
| 0:01 | Queue | Villager (Male) |
| 0:02 | Queue | Villager (Male) |
| 0:03 | Build | House |
| 0:04 | Build | House |
| 0:33 | Queue | Villager (Male) |
| 1:15 | Queue | Villager (Male) |
| 1:30 | Queue | Villager (Male) |
| 1:57 | Build | Lumber Camp |
| 2:02 | Queue | Villager (Male) |
| 2:19 | Queue | Villager (Male) |
| 2:47 | Queue | Villager (Male) |
| 3:12 | Queue | Villager (Male) |
| 3:34 | Queue | Villager (Male) |
| 3:45 | Queue | Villager (Male) |
| 3:57 | Build | House |
| 4:16 | Build | Palisade Wall |
| 4:21 | Queue | Villager (Male) |
| 4:40 | Queue | Villager (Male) |
| 5:20 | Queue | Villager (Male) |
| 5:40 | Build | Barracks |
| 5:48 | Queue | Villager (Male) |
| 6:09 | Research | Loom |
| 6:27 | Build | House |
| 6:39 | Research | Feudal Age |
| 6:43 | Queue | Militia |
| 6:55 | Queue | Militia |
| 7:15 | Queue | Militia |
| 7:21 | Build | Mining Camp |
| 8:05 | Queue | Militia |
| 8:14 | Build | House |
| 8:20 | Build | Palisade Wall |
| 8:22 | Build | Palisade Wall |
| 8:23 | Build | Palisade Wall |
| 8:51 | Age | Feudal Age |
| 8:54 | Queue | Villager (Male) |
| 9:06 | Queue | Villager (Male) |
| 9:12 | Build | Archery Range |
| 9:21 | Queue | Villager (Male) |
| 9:36 | Build | Watch Tower |
| 9:39 | Queue | Villager (Male) |
| 9:41 | Build | House |
| 9:44 | Build | Palisade Wall |
| 9:46 | Build | Palisade Wall |
| 9:49 | Build | Palisade Wall |
| 9:50 | Build | Palisade Wall |
| 9:53 | Queue | Villager (Male) |
| 9:59 | Research | Man-at-Arms (upgrade) |
| 10:10 | Build | Watch Tower |
| 10:12 | Queue | Archer |
| 10:13 | Queue | Archer |
| 10:14 | Queue | Villager (Male) |
| 10:31 | Build | Mill |
| 10:35 | Queue | Villager (Male) |
| 10:51 | Build | Palisade Wall |
| 10:53 | Build | Palisade Wall |
| 10:59 | Build | Watch Tower |
| 11:00 | Queue | Archer |
| 11:04 | Queue | Villager (Male) |
| 11:15 | Build | Farm |
| 11:28 | Build | Farm |
| 11:29 | Queue | Archer |
| 11:39 | Build | House |
| 11:50 | Queue | Villager (Male) |
| 11:52 | Build | Farm |
| 12:20 | Queue | Villager (Male) |
| 12:23 | Build | Blacksmith |
| 12:32 | Build | House |
| 12:42 | Queue | Archer |
| 12:48 | Queue | Villager (Male) |
| 13:03 | Research | Double-Bit Axe |
| 13:21 | Build | House |
| 13:26 | Queue | Villager (Male) |
| 13:29 | Queue | Villager (Male) |
| 13:47 | Queue | Skirmisher |
| 13:52 | Build | House |
| 14:06 | Queue | Villager (Male) |
| 14:07 | Build | Farm |
| 14:08 | Build | Farm |
| 14:19 | Queue | Villager (Male) |
| 14:20 | Build | Farm |
| 14:25 | Build | Mining Camp |
| 14:39 | Build | Farm |
| 14:40 | Queue | Skirmisher |
| 14:58 | Queue | Villager (Male) |
| 15:15 | Queue | Villager (Male) |
| 15:19 | Build | Farm |
| 15:22 | Queue | Villager (Male) |
| 15:24 | Queue | Villager (Male) |
| 15:39 | Queue | Villager (Male) |
| 15:44 | Build | Farm |
| 15:48 | Research | Fletching |
| 15:53 | Build | Archery Range |
| 16:02 | Build | Farm |
| 16:04 | Build | Farm |
| 16:04 | Queue | Villager (Male) |
| 16:21 | Queue | Villager (Male) |
| 16:26 | Queue | Archer |
| 16:26 | Queue | Archer |
| 16:33 | Queue | Villager (Male) |
| 16:37 | Queue | Archer |
| 16:41 | Queue | Villager (Male) |
| 16:54 | Build | Farm |
| 16:55 | Queue | Archer |
| 16:55 | Queue | Archer |
| 17:09 | Build | Lumber Camp |
| 17:22 | Queue | Villager (Male) |
| 17:27 | Queue | Skirmisher |
| 17:34 | Build | Palisade Wall |
| 17:36 | Research | Wheelbarrow |
| 17:38 | Queue | Villager (Male) |
| 17:38 | Queue | Skirmisher |
| 17:49 | Build | Palisade Wall |
| 17:50 | Queue | Villager (Male) |
| 18:02 | Queue | Skirmisher |
| 18:04 | Queue | Villager (Male) |
| 18:20 | Queue | Villager (Male) |
| 18:25 | Build | Palisade Wall |
| 18:34 | Queue | Skirmisher |
| 18:39 | Queue | Villager (Male) |
| 18:45 | Build | Market |
| 18:49 | Queue | Skirmisher |
| 18:50 | Queue | Villager (Male) |
| 18:53 | Build | Outpost |
| 19:16 | Build | Farm |
| 19:19 | Queue | Skirmisher |
| 19:23 | Queue | Villager (Male) |
| 19:31 | Build | Farm |
| 19:35 | Build | Outpost |
| 19:45 | Queue | Skirmisher |
| 19:47 | Queue | Villager (Male) |
| 19:54 | Build | House |
| 20:00 | Build | Farm |
| 20:08 | Build | Outpost |
| 20:16 | Build | House |
| 20:36 | Build | Outpost |
| 20:43 | Research | Castle Age |
| 20:43 | Research | Castle Age |
| 20:44 | Queue | Skirmisher |
| 21:04 | Build | House |
| 21:08 | Queue | Skirmisher |
| 21:20 | Build | House |
| 21:42 | Build | Outpost |
| 21:49 | Build | Stable |
| 21:55 | Research | Gold Mining |
| 22:00 | Research | Padded Archer Armor |
| 22:04 | Queue | Villager (Male) |
| 22:13 | Build | Palisade Gate |
| 22:28 | Build | Palisade Gate |
| 23:23 | Age | Castle Age |
| 23:27 | Research | Bodkin Arrow |
Match timeline
| 4:16 | Gabi · wall_segment Palisade Wall x1 |
| 5:40 | Gabi · first_building Barracks |
| 6:12 | mentalist_ · wall_segment Palisade Wall x1 |
| 7:37 | mentalist_ · first_building Barracks |
| 8:20 | Gabi · wall_segment Palisade Wall x1 |
| 8:22 | Gabi · wall_segment Palisade Wall x1 |
| 8:23 | Gabi · wall_segment Palisade Wall x1 |
| 8:51 | Gabi · age_up feudal |
| 9:02 | mentalist_ · wall_segment Palisade Wall x1 |
| 9:05 | mentalist_ · wall_segment Palisade Wall x1 |
| 9:07 | mentalist_ · wall_segment Palisade Wall x1 |
| 9:08 | mentalist_ · wall_segment Palisade Wall x1 |
| 9:10 | mentalist_ · wall_segment Palisade Wall x1 |
| 9:11 | mentalist_ · wall_segment Palisade Wall x1 |
| 9:12 | Gabi · first_building Archery Range |
| 9:15 | mentalist_ · age_up feudal |
| 9:44 | Gabi · wall_segment Palisade Wall x2 |
| 9:46 | Gabi · wall_segment Palisade Wall x3 |
| 9:49 | Gabi · wall_segment Palisade Wall x2 |
| 9:50 | Gabi · wall_segment Palisade Wall x1 |
| 9:53 | mentalist_ · first_building Archery Range |
| 10:51 | Gabi · wall_segment Palisade Wall x1 |
| 10:53 | Gabi · wall_segment Palisade Wall x2 |
| 11:05 | mentalist_ · wall_segment Palisade Wall x1 |
| 11:59 | mentalist_ · wall_segment Palisade Wall x1 |
| 12:03 | mentalist_ · wall_segment Palisade Wall x1 |
| 12:08 | mentalist_ · wall_segment Palisade Wall x1 |
| 12:09 | mentalist_ · wall_segment Palisade Wall x1 |
| 12:32 | mentalist_ · wall_segment Palisade Wall x1 |
| 14:52 | mentalist_ · wall_segment Palisade Wall x1 |
| 14:53 | mentalist_ · wall_segment Palisade Wall x1 |
| 14:55 | mentalist_ · wall_segment Palisade Wall x1 |
| 17:34 | Gabi · wall_segment Palisade Wall x3 |
| 17:49 | Gabi · wall_segment Palisade Wall x13 |
| 18:25 | Gabi · wall_segment Palisade Wall x6 |
| 19:19 | mentalist_ · first_market_buy 100 food |
| 19:56 | mentalist_ · first_market_sell 100 wood |
| 19:57 | Gabi · first_market_sell 100 wood |
| 19:57 | Gabi · first_market_buy 100 food |
| 21:49 | Gabi · first_building Stable |
| 22:40 | mentalist_ · age_up castle |
| 23:23 | Gabi · age_up castle |
| 23:41 | Gabi · first_building Siege Workshop |
| 23:44 | Gabi · wall_segment Palisade Wall x1 |
| 23:57 | mentalist_ · wall_segment Palisade Wall x9 |
| 24:13 | mentalist_ · first_building Siege Workshop |
| 24:16 | mentalist_ · wall_segment Palisade Wall x1 |
| 24:17 | mentalist_ · wall_segment Palisade Wall x1 |
| 24:19 | mentalist_ · wall_segment Palisade Wall x1 |
| 26:56 | mentalist_ · first_building Monastery |
| 28:02 | Gabi · first_building Monastery |
| 34:01 | Gabi · first_building Castle |
| 36:01 | mentalist_ · age_up imperial |
| 37:33 | mentalist_ · first_building Castle |
| 40:35 | Gabi · age_up imperial |
| 52:04 | mentalist_ · resign |
[ AI ANALYSIS · 1 CREDIT ]
What really happened in this match?
Wolo.gg analyzes every decision: build order, eco, micro, common mistakes by bracket. Personalized analysis on WhatsApp or Discord in 30 seconds.
Civ guide
Incas
Perfil
Jugador #9579739